 Dungeon Crawl Stone Soup version 0.29.0-4-gdea44cf6ec (webtiles) character file.

Game seed: 18030392402664424455

7 qw the Sneak (level 2, 0/19 HPs)
             Began as a Gargoyle Delver on Sept 10, 2022.
             Slain by an iguana (9 damage)
             ... on level 4 of the Dungeon.
             The game lasted 00:00:08 (1385 turns).

qw the Sneak (Gargoyle Delver)                      Turns: 1385, Time: 00:00:09

Health: 0/19       AC: 11    Str: 15    XL:     2   Next: 0%
Magic:  2/2        EV:  6    Int: 10    God:
Gold:   10         SH:  0    Dex: 11    Spells: 1/1 levels left

rFire   . . .      SeeInvis .   Y - +1 hand axe
rCold   . . .      Faith    .   (no shield)
rNeg    + . .      Spirit   .   i - +0 chain mail
rPois   inf        Reflect  .   (no helmet)
rElec   +          Harm     .   (no cloak)
rCorr   .          Rampage  .   (no gloves)
Will    .....                   (no boots)
Stlth   ..........              (no amulet)
HPRegen 0.06/turn               (no ring)
MPRegen 0.08/turn               (no ring)

@: no status effects
A: sickness immunity, AC +2, negative energy resistance 1, electricity
resistance, torment resistance 1, petrification resistance
a: no special abilities


You were on level 4 of the Dungeon.
You visited 1 branch of the dungeon, and saw 2 of its levels.

You collected 10 gold pieces.


Innate Abilities, Weirdness & Mutations

You are immune to sickness and miasma.
Your stone body is resilient. (AC +2)
You are immune to poison.
You resist negative energy. (rN+)
You are resistant to electric shocks. (rElec)
You are resistant to unholy torment.
You are immune to petrification.


   Skills:
 - Level 3.2 Fighting
 + Level 2.0 Axes
 - Level 1.2 Armour
 - Level 1.5 Dodging
 - Level 5.4 Stealth


You had one spell level left.
You didn't know any spells.
Your spell library was empty.

Inventory:

Hand Weapons
 Y - a +1 hand axe (weapon)
Armour
 i - a +0 chain mail (worn)
Wands
 g - a wand of digging (3)
Potions
 f - a potion of haste

Dungeon Overview and Level Annotations

Branches:
Dungeon (5/15)
 Temple: D:4-7

Altars:
Uskayaw

Annotations:
D:4 Robin


Message History

You hit the goblin.
You kill the goblin!
You hit the hobgoblin.
The hobgoblin is moderately wounded.
The hobgoblin barely misses you.
You barely miss the hobgoblin.
The hobgoblin is moderately wounded.
A goblin comes into view. It is wielding a +0 dagger.
A goblin comes into view. It is wielding a +0 club.
The hobgoblin hits you but does no damage.
You barely miss the hobgoblin. You punch the hobgoblin.
The hobgoblin is severely wounded.
The hobgoblin hits you.
Robin shouts!
You hit the hobgoblin.
You kill the hobgoblin!
You barely miss the iguana.
You hear a shout!
The iguana closely misses you. Robin throws the goblin at you!
The goblin closely misses you.
You hit the iguana but do no damage. You hit the goblin.
You kill the goblin!
The iguana bites you but does no damage.
Robin roars a battlecry!
The goblin goes into a battle-frenzy!
Your Armour skill increases to level 1!
You have reached level 2!
1382 ||| Stepping ~*~*~tactically~*~*~ (hiding).
The iguana attacks as you move away!
The iguana bites you but does no damage.
You hit the iguana.
The iguana is moderately wounded.
The iguana bites you.
You hit the iguana.
The iguana is heavily wounded.
The iguana bites you.
You hit the iguana.
The iguana is severely wounded.
You hit the goblin. The goblin hits you with a +0 dagger. The iguana bites you!
You die...

###
#..####
#....##
#....>#
#...###
##.##
#..##
#...#
#@.##
#lg.#
#g###
g...g...#
g.......#
.......##
....#.#
....##
.g.


You could see an iguana and 2 goblins.

Vanquished Creatures
  A dart slug (D:5)
  2 goblins (D:4)
  A hobgoblin (D:4)
4 creatures vanquished.

Notes
Turn   | Place    | Note
-------+----------+-------------------------------------------
     0 | D:5      | qw the Gargoyle Delver began the quest for the Orb.
     0 | D:5      | Reached XP level 1. HP: 14/14 MP: 1/1
     0 | D:5      | 0 ||| qw: Version: 0.1-a-116-g5d60599
     0 | D:5      | 0 ||| qw: Game counter: 9187
     0 | D:5      | 0 ||| qw: Always use a shield: true
     0 | D:5      | 0 ||| qw: God list: Okawaru
     0 | D:5      | 0 ||| qw: Allow faded altars: false
     0 | D:5      | 0 ||| qw: Do Orc after D:15 true
     0 | D:5      | 0 ||| qw: Do second Lair branch before Depths: true
     0 | D:5      | 0 ||| qw: Lair rune preference: random
     0 | D:5      | 0 ||| qw: Plans: Normal
     0 | D:5      | 0 ||| PLANNING D:1-11
    28 | D:5      | 28 ||| Stepping ~*~*~tactically~*~*~ (hiding).
   130 | D:5      | 130 ||| Stepping ~*~*~tactically~*~*~ (hiding).
   232 | D:5      | 232 ||| Stepping ~*~*~tactically~*~*~ (hiding).
   334 | D:5      | 334 ||| Stepping ~*~*~tactically~*~*~ (hiding).
   436 | D:5      | 436 ||| Stepping ~*~*~tactically~*~*~ (hiding).
   538 | D:5      | 538 ||| Stepping ~*~*~tactically~*~*~ (hiding).
   640 | D:5      | 640 ||| Stepping ~*~*~tactically~*~*~ (hiding).
   742 | D:5      | 742 ||| Stepping ~*~*~tactically~*~*~ (hiding).
   844 | D:5      | 844 ||| Stepping ~*~*~tactically~*~*~ (hiding).
   946 | D:5      | 946 ||| Stepping ~*~*~tactically~*~*~ (hiding).
  1048 | D:5      | 1048 ||| Stepping ~*~*~tactically~*~*~ (hiding).
  1150 | D:5      | 1150 ||| Stepping ~*~*~tactically~*~*~ (hiding).
  1252 | D:5      | 1252 ||| Stepping ~*~*~tactically~*~*~ (hiding).
  1278 | D:5      | Noticed a +0 hand axe
  1278 | D:5      | Noticed a +0 dagger
  1279 | D:5      | Found a hide-covered altar of Uskayaw.
  1333 | D:5      | 1333 ||| UPGRADING to +0 chain mail.
  1343 | D:5      | 1343 ||| DROPPING +0 leather armour.
  1344 | D:5      | 1344 ||| READING scroll labelled RUITIA DASIHE.
  1345 | D:5      | 1345 ||| DROPPING scroll of fog.
  1346 | D:5      | 1346 ||| DROPPING scroll of magic mapping.
  1347 | D:5      | 1347 ||| DROPPING scroll of fear.
  1370 | D:4      | Noticed Robin
  1371 | D:4      | 1371 ||| Stepping ~*~*~tactically~*~*~ (stealth).
  1372 | D:4      | Noticed an iguana
  1373 | D:4      | 1373 ||| Stepping ~*~*~tactically~*~*~ (stealth).
  1382 | D:4      | Reached skill level 1 in Armour
  1382 | D:4      | Reached XP level 2. HP: 18/19 MP: 2/2
  1382 | D:4      | 1382 ||| Stepping ~*~*~tactically~*~*~ (hiding).
  1385 | D:4      | Slain by an iguana

Levels and vault maps discovered:
D:4:      layout_cave_pools, nicolae_qazlal_style_of_elements,
          cheibriados_altar_1, uniq_pikel, uniq_robin, uniq_grinder
D:5:      layout_gridville, dancing_weapons_uskayaw,
          minmay_temple_entry_sparse_star, uniq_prince_ribbit1

Skill      XL: |  1 |
---------------+----+-----
Axes           | 2 |  2.0
Armour         | 1 |  1.2
Fighting       | |  3.2
Dodging        | |  1.5
Stealth        | |  5.4

Action                   || total
-------------------------++-------
Melee: Hand axe          ||    14
       Punch             ||     1
  Use: Scroll            ||     1
Armor: Chain mail        ||     5
Dodge: Dodged            ||     6

Table legend:
 A = Non-vault XP
 B = Vault XP
 C = Vault XP percentage of total XP
 D = Non-vault monster count
 E = Vault monster count
 F = Vault count percentage of total count
                 A         B        C        D         E       F
            +---------+---------+-------+---------+---------+-------
      Total |       4 |       6 |  60.0 |       1 |       3 |  75.0
            +---------+---------+-------+---------+---------+-------
        D:4 |       0 |       6 | 100.0 |       0 |       3 | 100.0
        D:5 |       4 |       0 |   0.0 |       1 |       0 |   0.0
            +---------+---------+-------+---------+---------+-------
